 Dungeon Crawl Stone Soup version 0.32-a0-560-g4c7f4391e0 (webtiles) character file.

Game seed: 8204873720828734358

914 Dittersdorf the Covered (level 8, -2/51 HPs)
             Began as a Gargoyle Fighter on Feb 29, 2024.
             Slain by an orc warrior
             ... wielding a +0 halberd
              (8 damage)
             ... on level 5 of the Dungeon.
             The game lasted 00:06:53 (4126 turns).

Dittersdorf the Covered (Gargoyle Fighter)          Turns: 4126, Time: 00:06:53

Health: -2/51      AC: 17    Str: 23    XL:     8   Next: 9%
Magic:  0/8        EV:  8    Int:  8    God:
Gold:   256        SH:  5    Dex:  9    Spells: 7/7 levels left

rFire   + . .        m - +1 morningstar (heavy)
rCold   . . .        c - +0 buckler
rNeg    + + .        h - +0 chain mail
rPois   ∞            (no helmet)
rElec   +            (no cloak)
rCorr   .            p - +0 pair of gloves
SInv    .            (no boots)
Will    .....        b - amulet of guardian spirit Stlth
                     q - ring of positive energy
HPRegen 0.28/turn    g - ring of protection from fire
MPRegen 0.11/turn

%: guardian spirit
@: no status effects
A: sickness immunity, AC +5, negative energy resistance 1, electricity
resistance, torment resistance 1, petrification resistance
a: Convert to Beogh


You were on level 5 of the Dungeon.
You visited 1 branch of the dungeon, and saw 7 of its levels.

You collected 256 gold pieces.

Inventory:

Hand Weapons
 m - a +1 heavy morningstar (weapon)
Armour
 c - a +0 buckler (worn)
 h - a +0 chain mail (worn)
 p - a +0 pair of gloves (worn)
Jewellery
 b - an amulet of guardian spirit (around neck)
 e - a ring of fire
 g - a ring of protection from fire (right hand)
 q - a ring of positive energy (left hand)
 t - a ring of positive energy
Scrolls
 j - a scroll of fear
 l - a scroll of blinking
Potions
 d - a potion of might
 f - a potion of curing {unknown}
 i - a potion of invisibility {unknown}
 k - a potion of heal wounds {unknown}
 o - a potion of resistance
 r - 2 potions of magic


   Skills:
 + Level 5.9 Fighting
 + Level 4.8 Maces & Flails
 + Level 5.9 Armour
 + Level 5.8 Shields


You had 7 spell levels left.
You didn't know any spells.
Your spell library contained the following spells:

 Spells                   Type           Power      Damage    Failure   Level
 Dazzling Flash           Conj/Hex       0%         N/A       100%        3
 Volatile Blastmotes      Fire/Tloc      0%         2d10      100%        3
 Starburst                Conj/Fire      0%         6d3       100%        6
 Maxwell's Capacitive Co  Air            0%         ∞         100%        8


Dungeon Overview and Level Annotations

Branches:
Dungeon (7/15)             Temple (0/1) D:5

Altars:

Annotations:
D:5 2 transporters


Innate Abilities, Weirdness & Mutations

You are immune to sickness and miasma.
Your stone body is resilient. (AC +5)
You are immune to poison.
You resist negative energy. (rN+)
You are resistant to electric shocks. (rElec)
You are resistant to unholy torment.
You are immune to petrification.


Message History

The quokka is moderately wounded.
The quokka bites you but does no damage.
The orc priest invokes the aid of Beogh against you.
Beogh smites you!
The orc warrior hits you from afar with a +0 halberd.
The quokka bites you but does no damage.
The orc warrior hits you from afar with a +0 halberd!
The quokka completely misses you.
The orc priest threatens, "Beogh's wrath is as vast as their mercy.
Make your choice!" (press Y on the ability menu to convert to Beogh)
You bludgeon the quokka!!
You kill the quokka!
You block the orc warrior's attack.
The orc warrior hits you from afar with a +0 halberd!
* * * LOW HITPOINT WARNING * * *
You block the orc warrior's attack.
You see here a +0 hand axe.
You bludgeon the orc warrior!!
The orc warrior is severely wounded.
The orc priest casts a cantrip, but nothing happens.
The orc warrior hits you with a +0 halberd.
* * * LOW HITPOINT WARNING * * *
The orc warrior hits you with a +0 halberd.
* * * LOW HITPOINT WARNING * * *
You barely miss the orc warrior.
The orc warrior is severely wounded.
You block the orc warrior's attack.
You hit the orc warrior but do no damage.
The orc warrior is severely wounded.
The orc warrior hits you with a +0 halberd.
* * * LOW HITPOINT WARNING * * *
The orc warrior hits you but does no damage.
You barely miss the orc warrior.
The orc warrior is severely wounded.
The orc warrior hits you but does no damage.
The orc warrior misses you.
You barely miss the orc warrior.
The orc warrior is heavily wounded.
The orc warrior hits you with a +0 halberd!
You die...

## .# ### .#...
###.#.#### #.........
#...#.....# ##
#.o..r..>... .(
##o##........#####. #@#
.⌠.⌠ ....##. ########.#
ß.ß..##.... #........#
(.......<.. #........#
..#######.. #........#
#.. #...####.# ##.
########.# ..## #.
#........####.....#######
#..............:......#


You could see an orc warrior and an orc priest.

Vanquished Creatures
  Eustachio (D:4)
  A water moccasin (D:7)
  An ogre (D:3)
  2 phantoms (D:4)
  A howler monkey (D:7)
  2 hounds
  A gnoll bouda (D:7)
  An iguana (D:4)
  4 orc wizards
  4 adders (D:3)
  7 gnolls
  3 ribbon worms (D:2)
  A dart slug (D:1)
  17 orcs
  3 endoplasms
  2 giant cockroaches
  8 goblins
  7 hobgoblins
  8 jackals
  A quokka (D:5)
  4 ball pythons
  A bat (D:1)
  6 frilled lizards
  2 kobolds
  11 rats
99 creatures vanquished.

Notes
Turn   | Place    | Note
-------+----------+-------------------------------------------
     0 | D:1      | Dittersdorf the Gargoyle Fighter began the quest for the
                  | Orb.
     0 | D:1      | Reached XP level 1. HP: 14/14 MP: 1/1
   159 | D:1      | Reached XP level 2. HP: 19/19 MP: 2/2
   363 | D:1      | Reached XP level 3. HP: 24/24 MP: 3/3
   789 | D:2      | Reached XP level 4. HP: 4/29 MP: 4/4
  1783 | D:3      | Noticed an ogre
  2072 | D:3      | Killed an ogre
  2073 | D:3      | Reached XP level 5. HP: 13/34 MP: 5/5
  2477 | D:3      | Reached XP level 6. HP: 29/39 MP: 6/6
  3049 | D:4      | You fall into a shaft and drop 3 floors!
  3118 | D:7      | Reached skill level 5 in Fighting
  3118 | D:7      | Reached skill level 5 in Armour
  3123 | D:7      | Reached skill level 5 in Shields
  3375 | D:7      | Noticed a water moccasin
  3386 | D:7      | Killed a water moccasin
  3387 | D:7      | Reached XP level 7. HP: 40/44 MP: 7/7
  3623 | D:6      | Identified the +4 spear of Sulphur {flame, rPois Int+3
                  | Dex+2}
  3626 | D:5      | Entered Level 5 of the Dungeon
  3626 | D:5      | Noticed Eustachio
  3880 | D:4      | Killed Eustachio
  3881 | D:4      | Reached XP level 8. HP: 50/51 MP: 6/8
  3917 | D:5      | Found a transporter.
  3917 | D:5      | Found a transporter.
  3919 | D:5      | Identified the +5 trident of the Pits of Slime {venom,
                  | Stlth+}
  3919 | D:5      | Identified the +4 scale mail of the Meadowlark {Will+ Int+5
                  | Stlth+}
  4112 | D:5      | Found a staircase to the Ecumenical Temple.
  4126 | D:5      | Slain by an orc warrior

Illustrated notes

Levels and vault maps discovered:
D:1:      dpeg_arrival_ratfight, layout_basic, minmay_misc_feat_rugged
D:2:      layout_loops_corners, hangedman_feature_mirror
D:3:      layout_loops_cross
D:4:      layout_loops_ring
D:5:      layout_basic, minmay_temple_entry_drinking_statues,
          gammafunk_ghost_gnarly_gnolls, minmay_misc_feat_ornament,
          nicolae_concentric_dashed_squares_wild, uniq_eustachio,
          uniq_prince_ribbit1
D:6:      layout_loops_ring, minmay_nine_imps, uniq_edmund
D:7:      layout_loops_ring

Skill      XL: |  1  2  3  4  5  6 |
---------------+-------------------+-----
Fighting       | 4 5 |  5.9
Armour         | 4 5 |  5.9
Shields        | 4 5 |  5.8
Maces & Flails | 3 4 |  4.8

Action                     |  1- 3 |  4- 6 |  7- 9 || total
---------------------------+-------+-------+-------++-------
  Melee: Flail             |    99 |   250 |   117 ||   466
         Morningstar       |       |       |    16 ||    16
    Use: Scroll            |       |    10 |       ||    10
 Armour: Scale mail        |    78 |   208 |       ||   286
         Chain mail        |       |     8 |   167 ||   175
  Dodge: Dodged            |    48 |    92 |    70 ||   210
  Block: Buckler           |    22 |    46 |    43 ||   111

Table legend: (Time is in decaauts)
 A = Elapsed time spent in this place.
 B = Non-inter-level travel time spent in this place.
 C = Inter-level travel time spent in this place.
 D = Time resting spent in this place.
 E = Time spent auto-exploring this place.
 F = Levels seen in this place.
 G = Mean time per level.
                   A        B        C        D        E       F      G
               +--------+--------+--------+--------+--------+-----+--------+
         Total |   4262 |   4118 |    144 |    623 |   2090 |   7 |  608.9 |
       Dungeon |   4262 |   4118 |    144 |    623 |   2090 |   7 |  608.9 |
               +--------+--------+--------+--------+--------+-----+--------+

Top non-repeatable levels by time:
     D:2: 1092 daAuts
     D:3: 1010 daAuts
     D:1: 745 daAuts
     D:7: 596 daAuts
     D:4: 526 daAuts
     D:5: 286 daAuts
     D:6: 5 daAuts
